 Dungeon Crawl Stone Soup version 0.30-a0-618-gd6c86c23d0 (webtiles) character file.

Game seed: 8203852069760742058

16 Leeroy the Gusty (level 2, -4/15 HPs)
             Began as a Tengu Air Elementalist on Jan 9, 2023.
             Slain by a phantom (6 damage)
             ... on level 2 of the Dungeon.
             The game lasted 00:01:20 (448 turns).

Leeroy the Gusty (Tengu Air Elementalist)            Turns: 448, Time: 00:01:21

Health: -4/15      AC:  2    Str:  8    XL:     2   Next: 54%
Magic:  6/6        EV: 13    Int: 15    God:
Gold:   11         SH:  0    Dex: 20    Spells: 4/5 levels left

rFire   . . .      SeeInvis .    (no weapon)
rCold   . . .      Faith    .    (no shield)
rNeg    . . .      Spirit   .    a - +0 robe
rPois   .          Reflect  .    (helmet restricted)
rElec   .          Harm     .    (no cloak)
rCorr   .          Rampage  .    (no gloves)
Will    .....                    (boots unavailable)
Stlth   ++                       (no amulet)
HPRegen 0.22/turn                c - +6 ring of dexterity
MPRegen 0.10/turn                (no ring)

@: no status effects
A: beak, talons 3
a: no special abilities


You were on level 2 of the Dungeon.
You visited 1 branch of the dungeon, and saw 2 of its levels.

You collected 11 gold pieces.

Inventory:

Armour
 a - a +0 robe (worn)
Jewellery
 c - a +6 ring of dexterity (left hand)
Scrolls
 e - a scroll of poison {unknown}
Potions
 b - a potion of magic
 d - a potion of flight {unknown}


   Skills:
 + Level 2.3 Dodging
 + Level 2.5 Stealth
 + Level 2.1 Spellcasting
 + Level 1.5 Conjurations
 + Level 4.3 Air Magic


You had 4 spell levels left.
You knew the following spells:

 Your Spells              Type           Power      Damage    Failure   Level
a - Shock                 Conj/Air       40%        1d5       7%          1

Your spell library contained the following spells:

 Spells                   Type           Power      Damage    Failure   Level
 Static Discharge         Conj/Air       20%        2-3/arc   10%         2
 Swiftness                Air            14%        N/A       11%         3
 Airstrike                Air            7%         2d(1-17)  36%         4


Dungeon Overview and Level Annotations

Branches:
Dungeon (2/15)

Altars:


Innate Abilities, Weirdness & Mutations

You have a beak for a mouth.
You have claws for feet.


Message History

e - a scroll labelled ASMUMO WYINAUN A goblin comes into view.
It is wielding a +0 dagger.
A goblin is nearby!
You barely miss the goblin. You claw the goblin. You peck the goblin.
You kill the goblin!
Found a stone staircase leading down.
A phantom comes into view.
Found a stone staircase leading down.
You hit the phantom but do no damage. The phantom closely misses you.
You barely miss the phantom. You claw the phantom, but do no damage.
The phantom misses you.
You miss the phantom. Your peck misses the phantom. The phantom hits you.
You hit the phantom but do no damage. Your kick misses the phantom.
You punch the phantom.
The phantom is lightly damaged.
The phantom closely misses you.
You miss the phantom. The phantom closely misses you.
You barely miss the phantom. You claw the phantom, but do no damage.
The phantom closely misses you.
You barely miss the phantom. The phantom hits you!
You miss the phantom. You claw the phantom. Your peck misses the phantom.
The phantom is lightly damaged.
The phantom hits you.
* * * LOW HITPOINT WARNING * * *
The phantom blinks!
You blink.
You are too injured to fight recklessly!
You are too injured to fight recklessly!
You are too injured to fight recklessly!
You are too injured to fight recklessly!
You are too injured to fight recklessly!
You are too injured to fight recklessly!
You are too injured to fight recklessly!
You completely miss the phantom. Your peck misses the phantom.
The phantom is lightly damaged.
The phantom barely misses you.
You hit the phantom but do no damage. You claw the phantom.
You peck the phantom.
The phantom is moderately damaged.
The phantom hits you.
You die...

#.#.#.#########....#
##########.#.#.# #....#
#..........#.#.# #....#
#.##########)#.# #..<.# #.#
#.......#.#########....# #.#
#.#######....>...##....# #.#
#.#...##.ยง........#....# #.#
#.#.#.##..>.......#....# #.#
#.#.#.##..@.......+.....
#.####.#.#.##..W.......#....##
#........#.#############....#
######.###.....#
######.......#.#########
#......))..............#
#......................#
#......................#
#......................#


You could see a phantom.

Vanquished Creatures
  2 dart slugs
  A ball python (D:2)
  An endoplasm (D:2)
  2 goblins (D:2)
  A quokka (D:2)
  4 kobolds
  A rat (D:1)
12 creatures vanquished.

Notes
Turn   | Place    | Note
-------+----------+-------------------------------------------
     0 | D:1      | Leeroy the Tengu Air Elementalist began the quest for the
                  | Orb.
     0 | D:1      | Reached XP level 1. HP: 10/10 MP: 4/4
   215 | D:2      | Reached XP level 2. HP: 15/15 MP: 6/6
   435 | D:2      | Noticed a phantom
   448 | D:2      | Slain by a phantom

Illustrated notes

Levels and vault maps discovered:
D:1:      eino_arrival_cavern_a, layout_rooms
D:2:      minmay_chambers_of_twos, layout_basic, basic_altar

Action                   || total
-------------------------++-------
Melee: Unarmed           ||    35
       Kick              ||    15
       Peck              ||     4
       Punch             ||     1
 Cast: Shock             ||     9
 Stab: Sleeping          ||     3
Armor: Robe              ||     3
Dodge: Dodged            ||    20

Table legend: (Time is in decaauts)
 A = Elapsed time spent in this place.
 B = Non-inter-level travel time spent in this place.
 C = Inter-level travel time spent in this place.
 D = Time resting spent in this place.
 E = Time spent auto-exploring this place.
 F = Levels seen in this place.
 G = Mean time per level.
                   A        B        C        D        E       F      G
               +--------+--------+--------+--------+--------+-----+--------+
         Total |    447 |    436 |     11 |      0 |    342 |   2 |  223.5 |
       Dungeon |    447 |    436 |     11 |      0 |    342 |   2 |  223.5 |
               +--------+--------+--------+--------+--------+-----+--------+

Top non-repeatable levels by time:
     D:2: 245 daAuts
     D:1: 201 daAuts
